 Dungeon Sprint DCSS version 0.18.1-47-g9310371 (webtiles) character file.

44 rftp080 the Ruffian (level 3, -2/21 HPs)
             Began as a Vine Stalker Fighter on June 20, 2016.
             Was an Initiate of Makhleb.
             Slain by a wyvern (7 damage)
             ... in the Dungeon (Sprint IX: "|||||||||||||||||||||||||||||").
             The game lasted 00:01:07 (131 turns).

rftp080 the Ruffian (Vine Stalker Fighter)           Turns: 131, Time: 00:01:10

Health: -2/21      AC: 14    Str: 21    XL:     3   Next: 62%
Magic:  0/4        EV:  5    Int:  8    God:    Makhleb [......]
Gold:   0          SH: 10    Dex: 14    Spells: 0 memorised, 2 levels left

rFire  . . .     SeeInvis .       - Unarmed
rCold  . . .     Gourm    .     r - +1 chain mail
rNeg   . . .     Faith    .     b - +0 shield
rPois  .         Spirit   +     (no helmet)
rElec  .         Dismiss  .     (no cloak)
rCorr  .         Reflect  .     q - +0 pair of gloves
SustAt .         Harm     .     p - +0 pair of boots
MR     .....     NoTele   +     (no amulet)
Stlth  ..........               t - +3 ring of strength
                                s - +2 ring of protection

@: very slightly contaminated, invisible, not resistant to hostile enchantments,
extremely unstealthy
A: fangs 2, regeneration 1, magic shield, antimagic bite, no device heal 3, rot
immunity
a: Renounce Religion


You were in the Dungeon.
You worshipped Makhleb.
Makhleb was noncommittal.
You were not hungry.

You visited 1 branch

Inventory:

Armour
 a - a +0 scale mail
 b - a +0 shield (worn)
 p - a +0 pair of boots (worn)
 q - a +0 pair of gloves (worn)
 r - a +1 chain mail (worn)
Magical Staves
 o - an uncursed staff of energy
Jewellery
 s - a +2 ring of protection (left hand)
 t - a +3 ring of strength (right hand)
Wands
 n - a wand of lightning (7/15)
Scrolls
 j - 2 scrolls of blinking
 l - 3 scrolls of remove curse
 m - 2 scrolls of amnesia
Potions
 c - a potion of might
 e - 5 potions of curing
 f - 3 potions of heal wounds
 g - a potion of haste
 h - 4 potions of magic
 i - a potion of berserk rage
Comestibles
 d - a bread ration


   Skills:
 + Level 3.8 Fighting
 + Level 3.3 Armour
 * Level 4.2 Shields
 * Level 4.3 Unarmed Combat


You had 2 spell levels left.
You didn't know any spells.

Dungeon Overview and Level Annotations

Branches:
Dungeon (1/1)

Altars:
Cheibriados
Dithmenos
Elyvilon
Fedhas
Gozag
Kikubaaqudgha
Makhleb
Nemelex Xobeh
Okawaru
Pakellas
Qazlal
Ru
Sif Muna
Trog
Vehumet
Xom
Yredelemnul
Zin
The Shining One
Beogh
Jiyva
Lugonu


Innate Abilities, Weirdness & Mutations

You have extremely sharp teeth.
Your natural rate of healing is unusually fast.
When hurt, damage is shared between your health and your magic reserves.
Your bite disrupts and absorbs the magic of your enemies.
Potions and wands cannot restore your health.
You are immune to rotting.


Message History

The wyvern is moderately wounded.
You block the wyvern's attack.
The wyvern bites you but does no damage.
You catch the helpless wyvern completely off-guard!
You hit the wyvern. You bite the wyvern. You drain its power.
The wyvern is heavily wounded.
The wyvern bites you but does no damage.
You closely miss the wyvern. You bite the wyvern. You drain its power.
The wyvern is heavily wounded.
The wyvern bites you. The wyvern barely misses you.
Your chain mail prevents you from hitting the wyvern.
The wyvern is heavily wounded.
The wyvern bites you.
You hit the wyvern. Your bite misses the wyvern.
The wyvern is heavily wounded.
The wyvern bites you!
* * * LOW HITPOINT WARNING * * *
The wyvern hisses menacingly.
The wyvern bites you!
You die...

▓.▓
▓.▓
▓n▓
▓o▓
▓Z▓
▓O▓
▓l▓
▓@▓
▓.▓
▓.▓
▓.▓
▓.▓
▓)▓
▓.▓
▓.▓
▓.▓


You could see a wyvern, an ogre, a necrophage, an orc wizard and an adder
skeleton.

Vanquished Creatures
  A jelly (D)
  An adder skeleton (D)
  A bat skeleton (D)
  A bat zombie (D)
  3 hobgoblins (D)
  2 quokkas (D)
  2 rats (D)
11 creatures vanquished.

Notes
Turn   | Place    | Note
--------------------------------------------------------------
     0 | D        | rftp080 the Vine Stalker Fighter began the quest for the Orb.
     0 | D        | Reached XP level 1. HP: 11/11 MP: 2/2
    30 | D        | Noticed a jelly
    33 | D        | Reached XP level 2. HP: 16/16 MP: 3/3
    36 | D        | Reached XP level 3. HP: 19/21 MP: 4/4
    53 | D        | Found a glowing silver altar of Zin.
    53 | D        | Found a glowing golden altar of the Shining One.
    53 | D        | Found an ancient bone altar of Kikubaaqudgha.
    53 | D        | Found a basalt altar of Yredelemnul.
    53 | D        | Found a shimmering altar of Xom.
    53 | D        | Found a radiant altar of Vehumet.
    54 | D        | Found an iron altar of Okawaru.
    55 | D        | Found a burning altar of Makhleb.
    56 | D        | Found a deep blue altar of Sif Muna.
    57 | D        | Found a bloodstained altar of Trog.
    58 | D        | Found a sparkling altar of Nemelex Xobeh.
    59 | D        | Found a white marble altar of Elyvilon.
    60 | D        | Found a roughly hewn altar of Beogh.
    61 | D        | Found a viscous altar of Jiyva.
    62 | D        | Found a corrupted altar of Lugonu.
    63 | D        | Became a worshipper of Makhleb the Destroyer
    64 | D        | Found a blossoming altar of Fedhas.
    65 | D        | Found a snail-covered altar of Cheibriados.
    66 | D        | Found a shadowy altar of Dithmenos.
    67 | D        | Found a stormy altar of Qazlal.
    68 | D        | Found an opulent altar of Gozag.
    69 | D        | Found a sacrificial altar of Ru.
    70 | D        | Found an oddly glowing altar of Pakellas.
   122 | D        | Noticed a necrophage
   122 | D        | Noticed an ogre
   122 | D        | Noticed a wyvern
   131 | D        | Slain by a wyvern

Skill      XL: |  1  2 |
---------------+-------+-----
Fighting       | 3 |  3.8
Shields        | 3 4 |  4.2
Armour         | 3 |  3.3
Unarmed Combat | 4 |  4.3

Action                   || total
-------------------------++-------
Melee: Unarmed           ||    44
       Bite              ||    18
  Use: Potion            ||     1
 Stab: Invisible         ||     2
Armor: Scale mail        ||    12
       Chain mail        ||     2
Dodge: Dodged            ||    13
Block: Shield            ||    14
